 Dungeon Crawl Stone Soup version 0.31-a0-1009-g454b1f1e0a (webtiles) character file.

Game seed: 13736578281278275539

112814 ChronoRanger the Earth Mage (level 16, -7/145 HPs)
             Began as a Gargoyle Earth Elementalist on Nov 16, 2023.
             Was a High Priest of Vehumet.
             Mangled by a tarantella (9 damage)
             ... on level 1 of the Spider Nest.
             The game lasted 01:37:36 (29107 turns).

ChronoRanger the Earth Mage (GrEE)                 Turns: 29107, Time: 01:37:36

Health: -7/145     AC: 28    Str: 15    XL:     16   Next: 61%
Magic:  27/32      EV:  2    Int: 21    God:    Vehumet [*****.]
Gold:   806        SH:  0    Dex: 10    Spells: 10/40 levels left

rFire   . . .        e - staff of earth
rCold   . . .        G - orb {light}
rNeg    + . .        S - melded +0 acid dragon scales
rPois   ∞            w - melded +1 helmet "Kentixen" {Dex+2}
rElec   .            H - melded +1 cloak
rCorr   .            j - melded +1 pair of gloves of the Fiddle {rN+}
SInv    .            z - melded +4 pair of boots "Kaidgh" {Contam Int+5}
Will    +....        n - amulet of reflection
Stlth   +            p - +5 ring of evasion
HPRegen 0.44/turn    D - ring of wizardry
MPRegen 0.23/turn

%: reflection, wizardry (x1)
@: confused, mighty, tree-form, glowing
A: stationary, stasis, torment immunity, boosted hp, sickness immunity, AC +12,
(big wings), negative energy resistance 1, (electricity resistance), torment
resistance 1, petrification resistance
a: Renounce Religion


You were on level 1 of the Spider Nest.
You worshipped Vehumet.
Vehumet was extremely pleased with you.
You were a tree.
You visited 5 branches of the dungeon, and saw 22 of its levels.
You also visited: Gauntlet.

You collected 2007 gold pieces.
You spent 1201 gold pieces at shops.

Inventory:

Missiles
 k - 2 throwing nets
Armour
 j - the +1 pair of gloves of the Fiddle (melded) {rN+}
   (You bought it in a shop on level 2 of the Orcish Mines)

   rN+:       It protects you from negative energy.
 q - a +0 kite shield
 w - the +1 helmet "Kentixen" (melded) {Dex+2}
   (You found it on level 1 of the Spider Nest)

   Dex+2:     It affects your dexterity (+2).
 z - the +4 pair of boots "Kaidgh" (melded) {Contam Int+5}
   (You found it in a Gauntlet)

   Int+5:     It affects your intelligence (+5).
   Contam:    It causes magical contamination when unequipped.
 G - an orb of light (worn)
 H - a +1 cloak (melded)
 M - the +0 pair of gloves of the Farrier {rF+}
   (You found it on level 2 of the Lair of Beasts)

   rF+:       It protects you from fire.
 S - +0 acid dragon scales (melded)
 T - +0 fire dragon scales
Magical Staves
 e - a staff of earth (weapon)
 B - a staff of conjuration
Jewellery
 n - an amulet of reflection (around neck)
 p - a +5 ring of evasion (left branch)
 r - a +4 ring of protection
 C - a ring of resist corrosion
 D - a ring of wizardry (right branch)
 L - a +6 ring of strength
Wands
 a - a wand of roots (14)
 s - a wand of flame (46)
 u - a wand of paralysis (23)
 y - a wand of quicksilver (17)
 A - a wand of digging (5)
 R - a wand of mindburst (23)
Scrolls
 c - 2 scrolls of teleportation
 d - 2 scrolls of enchant armour
 i - 5 scrolls of revelation
 l - 2 scrolls of noise
 t - 3 scrolls of immolation
 v - 3 scrolls of poison
 J - 3 scrolls of amnesia
 P - 2 scrolls of enchant weapon
Potions
 f - 3 potions of lignification
 g - 3 potions of ambrosia
 h - 3 potions of enlightenment
 o - 2 potions of resistance
 E - a potion of berserk rage {unknown}
 F - 2 potions of mutation
 K - a potion of haste


   Skills:
 - Level 10.0 Fighting
 - Level 12.0 Staves
 - Level 10.0 Armour
 - Level 1.5 Dodging
 - Level 2.1 Stealth
 * Level 12.8 Spellcasting
 + Level 7.9 Conjurations
 - Level 0.7 Transmutations
 - Level 7.3 Fire Magic
 - Level 5.0 Air Magic
 - Level 15.1 Earth Magic
 - Level 5.4 Evocations


You had 10 spell levels left.
You knew the following spells:

 Your Spells              Type           Power      Damage    Failure   Level
a - Sandblast             Erth           100%       2d20      0%          1
b - Stone Arrow           Conj/Erth      100%       3d13      1%          3
c - Scorch                Fire           88%        2d8       1%          2
d - Plasma Beam           Fire/Air       19%        2x1d31    7%          6
e - Conjure Ball Lightni  Conj/Air       20%        3x3d6     6%          6
f - Bombard               Conj/Erth      37%        9d7       1%          6
g - Starburst             Conj/Fire      22%        6d8       4%          6

Your spell library contained the following spells:

 Spells                   Type           Power      Damage    Failure   Level
 Magic Dart               Conj           100%       1d8       1%          1
 Necrotise                Necr           52%        1d6       1%          1
 Shock                    Conj/Air       100%       1d9       1%          1
 Slow                     Hex            52%        N/A       1%          1
 Passwall                 Tmut/Erth      52%        N/A       1%          2
 Searing Ray              Conj           92%        2d7       1%          2
 Hailstorm                Conj/Ice       30%        3d8       1%          3
 Swiftness                Air            34%        N/A       1%          3
 Airstrike                Air            17%        2d(3-19)  1%          4
 Brom's Barrelling Bould  Conj/Erth      75%        2d9       1%          4
 Fulminant Prism          Conj/Hex       15%        3d10      1%          4
 Petrify                  Tmut/Erth      63%        N/A       1%          4
 Wereblood                Tmut           16%        N/A       2%          2
 Irradiate                Conj/Tmut      15%        3d16      2%          5
 Confusing Touch          Hex            13%        N/A       6%          3
 Gell's Gravitas          Tloc           13%        N/A       6%          3
 Ozocubu's Armour         Ice            13%        N/A       6%          3
 Sigil of Binding         Hex            13%        N/A       6%          3
 Teleport Other           Tloc           13%        N/A       6%          3
 Vampiric Draining        Necr           13%        2d6       6%          3
 Summon Ice Beast         Ice/Summ       13%        N/A       19%         4
 Agony                    Necr           13%        N/A       45%         5
 Dispersal                Tloc           6%         N/A       95%         6
 Simulacrum               Ice/Necr       6%         N/A       95%         6
 Ozocubu's Refrigeration  Ice            6%         4d8       95%         7
 Discord                  Hex            6%         N/A       100%        8
 Disjunction              Tloc           6%         N/A       100%        8
 Summon Horrible Things   Summ           6%         N/A       100%        8
 Cigotuvi's Dreadful Rot  Necr/Pois/Air  Unusable   N/A       N/A         2
 Sublimation of Blood     Necr           Unusable   N/A       N/A         2

Dungeon Overview and Level Annotations

Branches:
Dungeon (12/15)            Temple (1/1) D:7            Lair (5/5) D:10
 Shoals (0/4) Lair:3       Spider (2/4) Lair:3        Slime (0/5) Lair:5
    Orc (2/2) D:9             Elf (0/3) Orc:2       Gauntlet (visited)

Altars:
Ashenzari
Cheibriados
Dithmenos
Elyvilon
Fedhas
Gozag
Hepliaklqana
Kikubaaqudgha
Makhleb
Nemelex Xobeh
Okawaru
Qazlal
Ru
Sif Muna
Trog
Uskayaw
Vehumet
Wu Jian
Xom
Yredelemnul
Zin
The Shining One
Jiyva

Shops:
D:2 =   D:3 :   Orc:2 =*[=(

Annotations:
Lair:2 3 runed translucent doors


Innate Abilities, Weirdness & Mutations

You are a tree.
Your roots penetrate the ground, keeping you stationary.
You cannot be teleported.
You are immune to unholy pain and torment.
Your maximum health is greatly increased.
Your equipment is partially melded.
You are immune to sickness and miasma.
((Your stone body is resilient. (AC +12)))
You are immune to poison.
((Your large and strong wings let you fly.))
You resist negative energy. (rN+)
((You are resistant to electric shocks. (rElec)))
You are resistant to unholy torment.
You are immune to petrification.


Message History

The tarantella touches you!
* * * LOW HITPOINT WARNING * * *
You feel better. You block the wolf spider's attack. The wolf spider bites you!
* * * LOW HITPOINT WARNING * * *
You block the tarantella's attack.
The tarantella touches you but does no damage.
The wolf spider hits you but does no damage.
The wolf spider bites you but does no damage.
The tarantella touches you but does no damage.
You feel better.
The tarantella touches you but does no damage.
The wolf spider hits you but does no damage.
The wolf spider completely misses you. You block the tarantella's attack.
The tarantella touches you but does no damage.
You feel better.
The wolf spider hits you but does no damage.
The wolf spider bites you!
* * * LOW HITPOINT WARNING * * *
The tarantella touches you but does no damage.
The tarantella touches you!
* * * LOW HITPOINT WARNING * * *
The wolf spider hits you but does no damage.
You block the wolf spider's attack.
The tarantella touches you but does no damage.
You feel better. The tarantella touches you.
* * * LOW HITPOINT WARNING * * *
The wolf spider hits you but does no damage.
The wolf spider bites you but does no damage.
The tarantella touches you but does no damage. x2
You cannot teleport because you are held in place by your roots.
Magic courses through your body. You block the wolf spider's attack.
The wolf spider bites you but does no damage.
The tarantella touches you but does no damage.
The tarantella touches you!
* * * LOW HITPOINT WARNING * * *
You are confused.
The wolf spider hits you but does no damage.
The wolf spider bites you but does no damage.
The tarantella touches you!
You die...

......#.##.#....~###
##.≈#≈#
......#######......#
##≈≈##
......†.....##....##
####
.#...........#.....##
.#.^.........##.....#
###......#....##...###
.##......#^....#.#.≈≈#
..##.....#^#...####≈##
...###^..###....♣..≈≈#
...#.......#...sss####
.###^...#..#[...###
...##...~.##^...#
.<..~..~###≈...##
....##.≈# ###.##
)...##### ### .#.##
.###


You could see a wolf spider and 2 tarantellas.

Vanquished Creatures
  Gastronok (Lair:2)
  An orc warlord (Orc:2)
  A minotaur (Gauntlet)
  A fire dragon (Lair:5)
  Fannar (Lair:1)
  A great orb of eyes (Gauntlet)
  2 hydras (Lair:5)
  A centaur warrior (D:11)
  2 ogre magi (Orc:1)
  5 boulder beetles
  A catoblepas (Lair:5)
  A tengu warrior (Gauntlet)
  3 two-headed ogres
  A radroach (Spider:2)
  10 death yaks
  3 demonic crawlers (Spider:1)
  2 orc high priests
  3 skysharks
  2 pharaoh ants
  3 swamp dragons
  3 orc knights (Orc:2)
  5 wolf spiders (Spider:1)
  5 orc sorcerers
  2 harpies (Lair:3)
  3 moths of wrath
  An ugly thing (Gauntlet)
  A cyclops (D:12)
  7 elephants
  3 gargoyles
  3 black mambas
  8 cane toads
  7 komodo dragons
  An unseen horror (D:12)
  2 rime drakes (Lair:5)
  A torpor snail (Lair:4)
  A tengu conjurer (Gauntlet)
  An ice devil (Gauntlet)
  3 polar bears
  19 blink frogs
  5 trolls
  4 hornets (Orc:1)
  8 tarantellas
  Grinder (D:5)
  14 dream sheep
  13 jumping spiders
  5 slime creatures
  Sigmund (D:5)
  5 wyverns
  3 shadows
  11 culicivoras
  A wraith (D:11)
  A vampire (D:12)
  63 yaks
  4 steam dragons
  A basilisk (Lair:2)
  7 vampire mosquitoes
  16 redbacks
  3 wargs
  4 acid dragons
  15 water moccasins
  Duvessa (D:5)
  2 ice beasts
  A sky beast (D:7)
  4 swamp drakes (Lair:5)
  A black bear (D:6)
  33 orc warriors
  8 ogres
  8 centaurs
  5 wolves (Lair:1)
  6 kobold brigands
  16 bullfrogs
  3 scorpions
  2 gnoll sergeants
  5 wights (D:7)
  6 jellies
  Dowan (D:5)
  2 electric eels (D:10)
  5 howler monkeys
  A gnoll bouda (D:6)
  9 hounds
  17 orc priests
  Ijyb (D:5)
  21 orc wizards
  9 iguanas
  13 gnolls
  7 adders
  3 shadow imps
  3 white imps
  2 ufetubi (D:6)
  A worm (D:5)
  2 dart slugs
  64 orcs
  6 bats
  7 endoplasms
  2 giant cockroaches
  7 goblins
  4 hobgoblins
  7 jackals
  19 kobolds
  3 quokkas
  10 ball pythons
  3 frilled lizards
  7 rats
  A spectral orc (D:5)
644 creatures vanquished.

Vanquished Creatures (others)
  A kobold (D:7)
1 creature vanquished.

Grand Total: 645 creatures vanquished

Notes
Turn   | Place    | Note
-------+----------+-------------------------------------------
     0 | D:1      | ChronoRanger the Gargoyle Earth Elementalist began the
                  | quest for the Orb.
     0 | D:1      | Reached XP level 1. HP: 10/10 MP: 3/3
    95 | D:1      | Reached XP level 2. HP: 15/15 MP: 0/5
   106 | D:1      | Reached skill level 4 in Earth Magic
   251 | D:1      | Reached XP level 3. HP: 19/19 MP: 2/7
   345 | D:1      | Learned a level 3 spell: Stone Arrow
   462 | D:1      | Found a faded altar of an unknown god.
   869 | D:2      | Found Xuept's Jewellery Boutique.
  1441 | D:3      | Found Dopsuy's Book Shop.
  1579 | D:3      | Reached XP level 4. HP: 2/24 MP: 6/9
  1748 | D:3      | Found a blossoming altar of Fedhas.
  2180 | D:4      | Reached XP level 5. HP: 28/28 MP: 8/10
  2343 | D:4      | Reached skill level 5 in Earth Magic
  2534 | D:4      | Reached XP level 6. HP: 32/32 MP: 10/13
  2629 | D:4      | Found a shimmering altar of Xom.
  2629 | D:4      | Found a faded altar of an unknown god.
  2637 | D:4      | Found a shimmering blue altar of Sif Muna.
  2639 | D:4      | Found a hide-covered altar of Uskayaw.
  2641 | D:4      | Found a sacrificial altar of Ru.
  3011 | D:4      | Found a bloodstained altar of Trog.
  3179 | D:4      | Reached skill level 5 in Spellcasting
  3744 | D:5      | Entered Level 5 of the Dungeon
  3971 | D:5      | Noticed Ijyb
  3975 | D:5      | Killed Ijyb
  4090 | D:5      | Found a basalt altar of Yredelemnul.
  4134 | D:5      | Noticed Grinder
  4142 | D:5      | Reached skill level 6 in Earth Magic
  4142 | D:5      | Reached XP level 7. HP: 22/36 MP: 12/15
  4162 | D:5      | Paralysed by Grinder for 4 turns
  4170 | D:5      | Paralysed by Grinder for 3 turns
  4173 | D:5      | Killed Grinder
  4332 | D:5      | Noticed Dowan
  4339 | D:5      | Killed Dowan
  4353 | D:5      | Noticed Duvessa
  4475 | D:5      | Reached skill level 7 in Earth Magic
  4475 | D:5      | Reached XP level 8. HP: 41/41 MP: 14/18
  4865 | D:5      | Noticed Sigmund
  4880 | D:5      | Killed Sigmund
  4952 | D:5      | Killed Duvessa
  5136 | D:6      | Reached skill level 8 in Earth Magic
  5540 | D:6      | Reached XP level 9. HP: 45/45 MP: 18/21
  5947 | D:7      | Reached skill level 9 in Earth Magic
  6787 | D:7      | Found a staircase to the Ecumenical Temple.
  6799 | Temple   | Entered the Ecumenical Temple
  6813 | Temple   | Became a worshipper of Vehumet
  6935 | D:8      | Reached skill level 10 in Spellcasting
  6942 | D:8      | Reached skill level 10 in Earth Magic
  7130 | D:8      | Reached skill level 11 in Earth Magic
  7132 | D:8      | Reached XP level 10. HP: 50/50 MP: 8/24
  7780 | D:8      | Reached skill level 12 in Earth Magic
  7864 | D:8      | Reached skill level 1 in Fighting
  7864 | D:8      | Reached skill level 1 in Armour
  8244 | D:9      | Reached * piety under Vehumet
  8244 | D:9      | Offered knowledge of Foxfire by Vehumet.
  8691 | D:9      | Found a staircase to the Orcish Mines.
  9142 | D:10     | Entered Level 10 of the Dungeon
  9143 | D:10     | Found an iron altar of Okawaru.
  9201 | D:10     | Reached skill level 5 in Fighting
  9201 | D:10     | Reached skill level 5 in Armour
  9408 | D:10     | Reached skill level 1 in Staves
  9416 | D:10     | Offered knowledge of Scorch by Vehumet.
  9420 | D:10     | Learned a level 2 spell: Scorch
  9519 | D:10     | Reached ** piety under Vehumet
  9672 | D:10     | Found a staircase to the Lair.
  9704 | D:10     | Reached XP level 11. HP: 64/64 MP: 21/25
 10067 | Gauntlet | Identified the "Juroefuelo"
 10067 | Lair:1   | Entered Level 1 of the Lair of Beasts
 10186 | Lair:1   | Reached skill level 5 in Staves
 10650 | Lair:1   | Noticed a swamp dragon
 10675 | Lair:1   | Killed a swamp dragon
 10846 | Lair:1   | Noticed a swamp dragon
 10854 | Lair:1   | Killed a swamp dragon
 10858 | Lair:1   | Offered knowledge of Dazzling Flash by Vehumet.
 11478 | Lair:1   | Reached skill level 10 in Staves
 11483 | Lair:1   | Reached XP level 12. HP: 70/70 MP: 16/26
 11779 | Lair:2   | Noticed Fannar
 11785 | Lair:1   | Killed Fannar
 11978 | Lair:1   | Reached *** piety under Vehumet
 12333 | Lair:2   | Reached skill level 1 in Conjurations
 12346 | Lair:2   | Reached skill level 1 in Evocations
 12367 | Lair:2   | Offered knowledge of Mephitic Cloud by Vehumet.
 12555 | Lair:2   | Noticed Gastronok
 12566 | Lair:2   | Killed Gastronok
 12784 | Lair:2   | Identified the +0 pair of gloves of the Farrier {rF+}
 12954 | Lair:2   | Found a runed translucent door.
 12954 | Lair:2   | You fall into a shaft and drop 2 floors!
 13133 | Lair:3   | Reached **** piety under Vehumet
 13148 | Lair:3   | Reached skill level 5 in Conjurations
 13176 | Lair:3   | Offered knowledge of Volatile Blastmotes by Vehumet.
 13177 | Lair:3   | Reached skill level 5 in Evocations
 13429 | Lair:3   | Noticed a skyshark
 13434 | Lair:3   | Reached XP level 13. HP: 64/75 MP: 12/27
 13632 | Lair:3   | Found a staircase to the Shoals.
 14264 | Lair:2   | Found a runed translucent gate.
 14264 | Lair:2   | Found a runed translucent gate.
 14264 | Lair:2   | Found a runed translucent gate.
 14264 | Lair:2   | Found a runed translucent gate.
 14265 | Lair:2   | Found a runed translucent gate.
 14268 | Lair:2   | Found a runed translucent gate.
 14919 | Orc:1    | Entered Level 1 of the Orcish Mines
 15425 | Orc:1    | Paralysed by an orc sorcerer for 4 turns
 16056 | Orc:2    | Entered Level 2 of the Orcish Mines
 16246 | Orc:2    | Reached ***** piety under Vehumet
 16246 | Orc:2    | Offered knowledge of Plasma Beam by Vehumet.
 16254 | Orc:2    | Learned a level 6 spell: Plasma Beam
 16353 | Orc:2    | Found a staircase to the Elven Halls.
 16368 | Orc:2    | Reached skill level 10 in Fighting
 16688 | Orc:2    | Found Fuidi's Jewellery Emporium.
 17096 | Orc:2    | Reached skill level 10 in Armour
 17189 | Orc:2    | Reached skill level 1 in Fire Magic
 17415 | Orc:2    | Noticed an orc warlord
 17811 | Orc:2    | Gained mutation: Your large and strong wings let you fly.
                  | [Gargoyle growth]
 17811 | Orc:2    | Reached XP level 14. HP: 88/88 MP: 16/28
 18136 | Orc:2    | Killed an orc warlord
 18137 | Orc:2    | Reached skill level 5 in Fire Magic
 18207 | Orc:2    | Found Lewuxty's General Store.
 18220 | Orc:2    | Bought a scroll of teleportation for 51 gold pieces
 18392 | Orc:2    | Found Muolir Ydekk's Antique Weapon Shop.
 18425 | Orc:2    | Found Jurih's Jewellery Shop.
 18439 | Orc:2    | Found Lopp's Antique Armour Shop.
 18575 | Orc:2    | Bought a scroll of acquirement for 884 gold pieces
 18597 | Orc:2    | Bought a pair of ancient gloves for 266 gold pieces
 18597 | Orc:2    | Identified the +1 pair of gloves of the Fiddle {rN+} (You
                  | bought it in a shop on level 2 of the Orcish Mines)
 19036 | Lair:2   | Reached skill level 1 in Air Magic
 19192 | Lair:3   | Offered knowledge of Yara's Violent Unravelling by Vehumet.
 19702 | Lair:3   | Acquired a staff of earth
 19804 | Lair:3   | Found a hole to the Spider Nest.
 20825 | Lair:4   | Reached skill level 5 in Air Magic
 21945 | D:11     | Reached skill level 13 in Earth Magic
 21945 | D:11     | Reached XP level 15. HP: 92/92 MP: 29/29
 22220 | D:11     | Found a viscous altar of Jiyva.
 22425 | D:11     | You are sucked into a shaft and drop 1 floor!
 22654 | D:12     | Found a gate leading to a gauntlet.
 22722 | Gauntlet | Entered a Gauntlet
 22722 | Gauntlet | Found a transporter.
 22722 | Gauntlet | Found a runed translucent door.
 22722 | Gauntlet | Found a runed translucent door.
 22730 | Gauntlet | Found a transporter.
 22733 | Gauntlet | Found a transporter.
 22746 | Gauntlet | Found a transporter.
 22747 | Gauntlet | Found a transporter.
 22761 | Gauntlet | Found a transporter.
 22778 | Gauntlet | Found a transporter.
 22789 | Gauntlet | Found a transporter.
 22803 | Gauntlet | Found a transporter.
 22819 | Gauntlet | Found a transporter.
 22833 | Gauntlet | Found a transporter.
 22833 | Gauntlet | Found a transporter.
 22882 | Gauntlet | Found a transporter.
 22900 | Gauntlet | Found a transporter.
 23311 | Gauntlet | Identified the +4 pair of boots "Kaidgh" {Contam Int+5}
 24093 | D:11     | Learned a level 6 spell: Conjure Ball Lightning
 24602 | D:11     | Offered knowledge of Bombard by Vehumet.
 24610 | D:11     | Learned a level 6 spell: Bombard
 25177 | Lair:5   | Entered Level 5 of the Lair of Beasts
 25248 | Lair:5   | Reached skill level 14 in Earth Magic
 25336 | Lair:5   | Reached XP level 16. HP: 97/97 MP: 24/31
 25675 | Lair:5   | Identified the +6 quarterstaff of the Heavens {flame, rElec
                  | Will+ SInv Stlth-}
 26596 | Lair:5   | Reached skill level 15 in Earth Magic
 26841 | Lair:5   | Found a staircase to the Slime Pits.
 27138 | Spider:1 | Entered Level 1 of the Spider Nest
 27592 | Spider:1 | Identified the +1 helmet "Kentixen" {Dex+2}
 28199 | Spider:1 | Offered knowledge of Starburst by Vehumet.
 28465 | Spider:1 | Learned a level 6 spell: Starburst
 29102 | Spider:1 | HP: 3/145 [tarantella (10)]
 29107 | Spider:1 | HP: 2/145 [tarantella (7)]
 29107 | Spider:1 | Mangled by a tarantella

Illustrated notes

Levels and vault maps discovered:
D:1:      lemuel_arrival_cross, layout_rooms,
          shapermc_ecumenical_altar_mp_ritualfount, serial_bayou_pond_b
D:2:      layout_rooms, serial_shops, nicolae_shop_behind_doors,
          nicolae_figureground_sparkle
D:3:      layout_basic, fedhas_altar_1, serial_shops, shop
D:4:      layout_layer_cave, chequers_temple_overflow_minitemple,
          trog_butcher_becter, kennysheep_generic_room_11
D:5:      layout_loops_ring, yredelemnul_forgotten_temple_becter, uniq_grinder,
          uniq_duvessa, uniq_sigmund, uniq_ijyb
D:6:      layout_loops_ring
D:7:      layout_basic, minmay_temple_entry_mini_moons
D:8:      layout_gridville
D:9:      layout_loops_cross, kennysheep_orc_monster_closet_entryway
D:10:     layout_loops_ring, lemuel_doored_altar, erik_lair_island
D:11:     layout_long_grid, jiyva_altar_1
D:12:     layout_cave_pools, gauntlet_entry_generic
Temple:   compressed_dpeg_circular_temple
Lair:1:   layout_loops_ring, pond, serial_bayou_shore_a
Lair:2:   gammafunk_indiana_jones, layout_regular_city, uniq_fannar,
          uniq_gastronok
Lair:3:   layout_layer_cave, nicolae_shoals_entry_roost,
          spider_nest_entry_rubble, st_stairs_6, grunt_megastairs_3
Lair:4:   layout_layer_cave, grunt_megastairs_4
Lair:5:   guppyfry_lair_end_dragon, layout_concentric_octagons,
          dpeg_slime_entry_corner, grunt_megastairs_2, lemuel_fruit_fields
Spider:1: layout_spider_delve
Spider:2: layout_chambers, nicolae_spider_circle_web
Orc:1:    hellmonk_paralyzer, layout_caves
Orc:2:    grunt_orc_cross, layout_diamond_mine, serial_shops,
          nicolae_shop_gibbet_a_chance

Skill      XL: |  1  2  3  4  5  6  7  8  9 10 11 12 13 14 15 16 |
---------------+-------------------------------------------------+-----
Earth Magic    | 4 5 6 7 8 11 12 13 14 15 | 15.1
Spellcasting   | 3 4 5 6 8 10 11 12 | 12.8
Fighting       | 6 10 | 10.0
Armour         | 5 10 | 10.0
Staves         | 3 10 12 | 12.0
Conjurations   | 5 7 |  7.9
Evocations     | 5 |  5.4
Fire Magic     | 3 6 7 |  7.3
Air Magic      | 5 |  5.0
Dodging        | |  1.5
Stealth        | |  2.1
Transmutations | |  0.7

Action                     |  1- 3 |  4- 6 |  7- 9 | 10-12 | 13-15 | 16-18 || total
---------------------------+-------+-------+-------+-------+-------+-------++-------
  Melee: Unarmed           |     3 |       |       |       |       |       ||     3
         Dagger            |       |       |     2 |       |       |       ||     2
         Staff             |       |       |       |     2 |    39 |    16 ||    57
   Cast: Sandblast         |    54 |    93 |   118 |   218 |   257 |   100 ||   840
         Stone Arrow       |       |       |    38 |   172 |   408 |   145 ||   763
         Scorch            |       |       |       |       |     1 |       ||     1
         Plasma Beam       |       |       |       |       |     9 |    10 ||    19
         Bombard           |       |       |       |       |       |    27 ||    27
         Starburst         |       |       |       |       |       |     1 ||     1
    Use: Potion            |     1 |       |       |       |     7 |    16 ||    24
         Scroll            |       |     4 |     2 |    11 |    14 |     5 ||    36
 Armour: Robe              |    20 |    10 |       |       |       |       ||    30
         Leather armour    |       |    10 |    34 |     3 |       |       ||    47
         Steam dragon scal |       |       |       |   143 |   318 |       ||   461
         Acid dragon scale |       |       |       |       |    15 |   230 ||   245
         Skin              |       |       |       |       |       |    87 ||    87
  Dodge: Dodged            |    15 |    15 |    46 |   194 |   342 |   190 ||   802
  Block: Other             |     1 |     7 |    15 |    14 |       |       ||    37
         Reflection        |       |       |     2 |       |    18 |       ||    20
         Orb               |       |       |       |    39 |   110 |    65 ||   214

Table legend: (Time is in decaauts)
 A = Elapsed time spent in this place.
 B = Non-inter-level travel time spent in this place.
 C = Inter-level travel time spent in this place.
 D = Time resting spent in this place.
 E = Time spent auto-exploring this place.
 F = Levels seen in this place.
 G = Mean time per level.
                   A        B        C        D        E       F      G
               +--------+--------+--------+--------+--------+-----+--------+
         Total |  29568 |  28413 |   1155 |   3138 |  20185 |  23 | 1285.6 |
       Dungeon |  13174 |  12526 |    648 |    676 |   9772 |  12 | 1097.8 |
        Temple |     24 |     24 |      0 |      0 |      4 |   1 |   24.0 |
          Lair |  10088 |   9768 |    320 |   1466 |   6707 |   5 | 2017.6 |
   Spider Nest |   1735 |   1704 |     31 |    161 |   1141 |   2 |  867.5 |
  Orcish Mines |   3788 |   3634 |    154 |    834 |   1999 |   2 | 1894.0 |
      Gauntlet |    756 |    756 |      0 |      0 |    562 |   1 |  756.0 |
               +--------+--------+--------+--------+--------+-----+--------+

Top non-repeatable levels by time:
  Lair:1: 2520 daAuts
  Lair:3: 2343 daAuts
   Orc:2: 1946 daAuts
   Orc:1: 1841 daAuts
  Lair:2: 1788 daAuts
  Lair:5: 1728 daAuts
    D:11: 1719 daAuts
  Lair:4: 1707 daAuts
     D:4: 1624 daAuts
Spider:1: 1547 daAuts
     D:5: 1347 daAuts
     D:9: 1254 daAuts
     D:8: 1116 daAuts
    D:10: 1104 daAuts
     D:7: 1058 daAuts
